Unix NetHack Version 3.7.0-62 Work-in-progress - last build Sep 11 2022 12:50:24 (50a4e0875b74f16bdbec0d79e29a59bb940978ed,branch:master). Game began 2022-08-13 08:20:44, ended 2022-09-20 12:56:38. ichbinmiah, neutral male human Healer --------- |.......| |.......| ----- |..._...| |.1.5 |.......| ------- --..--------- | |.......| | .......-- --...|aa.....|44 |. ----.---- .| .........---....|.......| |.............| ...........a@A@@-@.@@B..| ---.........--- .........---...2|a@.....|5 -----|----- -.......-- --...|..a....| -...%...- ----.---- --..---------45 ------- ..%...... -------.%.| |... 1 5 ......| ..%.%.... |.........| ----- ......--.........--...------- .........--..%%...--....| ...........----%----...--- .......................| ------------------------ Ichbinmiah the Herbalist St:18/13 Dx:15 Co:18 In:10 Wi:18 Ch:18 Neutral Astral Plane $:0 HP:130(164) Pw:125(125) AC:-39 Xp:18/1341630 T:97525 Latest messages: The Angel of Poseidon points at you, then curses. The Angel of Poseidon swings his long sword. The Angel of Poseidon hits! The Angel of Poseidon swings his long sword. The Angel of Poseidon misses! The Angel of Poseidon misses! The Angel of Poseidon casts a spell at you! You are hit by a shower of missiles! The missiles bounce off! "I first mistook thee for a statue, when I regarded thy head of stone." The invisible renegade priest of Hermes swings his mace. The invisible renegade priest of Hermes hits! The invisible renegade priest of Hermes misses! The invisible renegade priest of Hermes points all around, then curses. The priest of Poseidon attacks a spot beside you. The priest of Poseidon casts a spell at thin air! The priest of Moloch casts a spell! The priest of Moloch summons insects around a spot near you! What do you want to zap? [cioEHKOTV or ?*] In what direction? The Angel of Poseidon vanishes! The giant beetle vanishes! # Where do you want to jump? (For instructions type a '?') The fire ant turns to flee. The fire ant turns to flee. You hear a chugging sound. The renegade Angel of Hermes points at you, then curses. You hear a mumbled curse. The priest of Moloch turns to flee. You hear a mumbled curse. The vampire bat turns to flee. You hear a chugging sound. Something speaks. "You freed me!" There is a high altar to Hermes (neutral) here. # What do you want to sacrifice? [J or ?*] You offer the Amulet of Yendor to Hermes... An invisible choir sings, and you are bathed in radiance... The voice of Hermes rings out: "Mortal, thou hast done well!" "In return for thy service, I grant thee the gift of Immortality!" You ascend to the status of Demigod... Do you want your possessions identified? [ynq] (y) Do you want to see your attributes? [ynq] (y) Do you want an account of creatures vanquished? [ynaq] (y) Do you want a list of species genocided and extinct? [ynq] (y) Do you want to see your conduct and achievements? [ynq] (y) Do you want to see the dungeon overview? [ynq] (y) Inventory: Amulets g - an uncursed amulet of life saving r - an uncursed amulet of life saving v - an uncursed amulet of life saving (being worn) F - an uncursed amulet of life saving G - an uncursed amulet of life saving P - an uncursed amulet of life saving Weapons Q - 10 uncursed rustproof +6 knives Z - 2 uncursed rustproof +6 knives (at the ready) a - the blessed rustproof +5 Magicbane (weapon in hand) Armor U - a blessed rustproof +4 helmet (being worn) x - a blessed fireproof +3 pair of leather gloves (being worn) y - a blessed fireproof +3 pair of elven boots q - a blessed +0 pair of jumping boots (being worn) M - a blessed +5 shield of reflection (being worn) I - a blessed fireproof +3 cloak of magic resistance (being worn) R - a blessed +5 Hawaiian shirt with a parrot motif (being worn) h - a blessed +4 orange dragon scale mail (being worn) Comestibles e - an uncursed lembas wafer Potions t - 3 blessed potions of full healing X - 2 blessed potions of monster detection D - 4 uncursed potions of water Rings S - an uncursed +3 ring of gain strength (on right hand) C - an uncursed +1 ring of protection (on left hand) Wands E - an uncursed wand of death (0:6) K - an uncursed wand of death (1:0) c - an uncursed wand of digging (0:7) H - an uncursed wand of digging (0:5) V - an uncursed wand of digging (0:5) T - an uncursed wand of digging (0:1) O - an uncursed wand of teleportation (0:7) o - an uncursed wand of teleportation (4:2) i - an uncursed wand of teleportation (0:0) Tools j - an uncursed sack containing 11 items A - the uncursed Bell of Opening (0:2) L - the uncursed Candelabrum of Invocation (7 of 7 candles, lit) w - an uncursed magic whistle k - an uncursed skeleton key s - an uncursed stethoscope b - an uncursed wet towel u - a blessed +0 unicorn horn z - 8 uncursed wax candles Gems/Stones f - a blessed luckstone Contents of the sack: a blessed fireproof +0 pair of levitation boots an uncursed food ration 4 uncursed K-rations an uncursed lizard corpse 5 blessed scrolls of blank paper a blessed scroll of blank paper a blessed scroll of create monster an uncursed scroll of identify an uncursed potion of healing an uncursed wand of fire (0:3) 6 blessed wax candles Ichbinmiah the Healer's attributes: Background: You were a Herbalist, a level 18 male human Healer. You were neutral, on a mission for Hermes who was opposed by Athena (lawful) and Poseidon (chaotic). You were in the endgame, on the Astral Plane. You entered the dungeon 97525 turns ago. You had 1341630 experience points, 1218370 more were needed for level 19. Basics: You had 130 out of 164 hit points. You had all 125 energy points (spell power). Your armor class was -39. Your wallet was empty. Autopickup was off. Final Characteristics: Your strength was 18/13 (base:18/10, peak:18/11, limit:18/100). Your dexterity was 15 (peak:18, limit:18). Your constitution was 18 (limit:18). Your intelligence was 10 (peak:12, limit:18). Your wisdom was 18 (limit:18). Your charisma was 18 (limit:18). Final Status: You were not hungry. You were unencumbered. You were wielding a dagger. You were skilled in dagger. Final Attributes: You were piously aligned. You were magic-protected. You were fire resistant. You were cold resistant. You were sleep resistant. You were disintegration-resistant. You were shock resistant. You were poison resistant. You saw invisible. You were telepathic. You were warned. You were invisible to others. You could jump. You had a moderate defense bonus (+10). You were guarded. You were fast. You had reflection. You had free action. Your life would have been saved. You were extremely lucky. You had extra luck. Good luck did not time out for you. You survived. Miscellaneous: You disabled loading of bones levels. Total elapsed playing time was 1 day, 3 hours, 29 minutes and 34 seconds. Major events: Turn 1: ichbinmiah the neutral male human Healer entered the dungeon 448: entered the Gnomish Mines 1323: attained the rank of Empiric (level 3) 4571: attained the rank of Embalmer (level 6) 6397: reached Mine Town 10628: entered Sokoban 11088: completed sokoban 1 11854: completed sokoban 2 12962: completed sokoban 3 16142: completed sokoban 4 20402: attained the rank of Dresser (level 10) 21006: acquired the Sokoban amulet of reflection 25332: acquired the Mines' End luckstone 34290: made his first wish - "3 blessed scrolls of charging", got "3 scrolls labeled GNIK SISI VLE" 34292: made his first artifact wish - "blessed fixed +2 Magicbane", got "an athame named Magicbane" 34296: wished for "blessed fixed levitation boots", got "a pair of snow boots" 34296: wished for "blessed fixed +3 orange dragon scale mail", got "an orange dragon scale mail" 34551: wished for "uncursed magic marker", got "a magic marker" 34761: killed Medusa 45294: attained the rank of Medicus ossium (level 14) 46014: performed his first genocide (floating eyes) 46803: found the Staff of Aesculapius on the floor 46807: killed the Cyclops 46815: acquired the Bell of Opening 61552: entered Gehennom 65984: killed Croesus 68201: wished for "3 blessed scrolls of genocide", got "a scroll labeled VAS CORP BET MANI" 68202: genocided class L 68204: genocided class R 68207: genocided class ; 73140: killed the invisible Asmodeus 73712: killed Baalzebub 73839: killed Juiblex 79567: destroyed Vlad the Impaler 79573: acquired the Candelabrum of Invocation 79801: found Sunsword carried by a monster 84245: killed Orcus 84640: killed Yeenoghu 92492: killed the Wizard of Yendor 92506: acquired the Book of the Dead 92849: performed the invocation 93016: attained the rank of Herbalist (level 18) 93245: killed the Wizard of Yendor (2nd time) 93545: killed the high priestess of Moloch 93551: acquired The Amulet of Yendor 93720: killed the Wizard of Yendor (3rd time) 96893: entered the Elemental Planes 96893: entered Plane of Earth 96894: killed the Wizard of Yendor (5th time) 97022: entered Plane of Air 97084: entered Plane of Fire 97142: entered Plane of Water 97455: entered the Astral Plane 97467: killed Death 97484: killed Death (2nd time) 97509: killed Famine 97525: ascended Vanquished creatures: Asmodeus Baalzebub Orcus Yeenoghu Juiblex the Wizard of Yendor (6 times) Death (twice) Famine Vlad the Impaler a high cleric 2 mastodons Medusa Croesus 4 iron golems the Cyclops 3 storm giants 2 titans 10 glass golems 2 balrogs 10 purple worms 5 gray dragons 2 gold dragons 3 silver dragons 4 red dragons 8 white dragons 2 orange dragons 4 black dragons 5 blue dragons 6 green dragons 5 yellow dragons 12 minotaurs 4 jabberwocks 5 baluchitheria an Angel a demilich 12 stone golems 3 master mind flayers 8 Olog-hai 7 Nazgul 6 pit fiends 9 sandestins 5 hell hounds 4 displacer beasts 10 titanotheres 9 trappers a guardian naga 5 genetic engineers 30 vampire leaders 5 skeletons 13 aligned clerics 11 captains 6 shades 4 liches 2 clay golems 10 nurses 9 ice devils 4 nalfeshnees 9 lurkers above an Aleax 7 ettins 3 golden nagas 10 black puddings 28 vampires 10 lieutenants 45 ghosts a queen bee 8 winged gargoyles 6 mind flayers 10 giant mimics 5 long worms 11 zruties 10 fire giants 9 ogre tyrants 6 ice trolls 7 rock trolls 6 umber hulks 4 flesh golems 12 elven monarchs 5 doppelgangers 6 hezrous 12 bone devils 13 large mimics 5 wumpuses 3 fire vortices 10 couatls 17 stalkers 7 air elementals 4 fire elementals 10 earth elementals 6 water elementals 12 hill giants 6 giant mummies 3 black nagas 11 xorns 25 giant zombies 35 elf-nobles 31 sergeants 6 barbed devils 8 vrocks 5 salamanders 23 wargs 7 winter wolves 8 hell hound pups 12 small mimics 7 glass piercers 11 warhorses 7 steam vortices 27 xans 11 ettin mummies 13 ogre leaders 16 quantum mechanics 20 trolls 5 sasquatches 5 wood golems 2 erinyes 11 mariliths 7 sharks 9 electric eels 14 gelatinous cubes 7 pyrolisks 4 large dogs 4 freezing spheres 11 flaming spheres 11 shocking spheres 6 large cats 10 tigers 8 gargoyles a dwarf ruler 8 tengu 11 ochre jellies 13 leocrottas 5 energy vortices 10 mountain centaurs 4 stone giants 6 elf mummies 8 human mummies 6 red nagas 3 green slimes 17 pythons 18 pit vipers 19 cobras 55 wraiths 9 carnivorous apes 24 ettin zombies 5 leather golems 33 Grey-elves 119 soldiers 3 watchmen 6 amorous demons 7 horned devils 10 chameleons 5 crocodiles 27 giant beetles 8 quivering blobs 32 cockatrices 10 wolves 14 winter wolf cubs 7 lynxes 3 panthers 10 gremlins 5 spotted jellies 36 leprechauns 8 orc-captains 4 iron piercers 4 mumakil 38 giant spiders 11 scorpions 6 horses 4 ice vortices 13 black lights 15 vampire bats 8 forest centaurs 13 gnome rulers 8 orc mummies 7 dwarf mummies 23 ogres 15 brown puddings 8 rust monsters 14 owlbears 17 yetis 4 gold golems 3 werewolves 32 Green-elves 10 giant eels 29 lizards 26 chickatrices 2 dingoes 2 dogs 3 housecats 13 jaguars 8 dwarf leaders 9 blue jellies 10 white unicorns 2 gray unicorns 7 black unicorns 14 dust vortices 9 ravens 7 plains centaurs 7 gnome mummies 34 snakes 11 apes 22 human zombies 7 rope golems 17 Woodland-elves 37 soldier ants 18 fire ants 30 bugbears 5 imps 17 lemures 11 quasits 6 wood nymphs 6 water nymphs 3 mountain nymphs 30 Mordor orcs 19 Uruk-hai 8 orc shamans 21 rock piercers 10 rock moles 5 ponies 8 fog clouds 17 yellow lights 4 shriekers 13 violet fungi 29 gnome leaders 11 gnomish wizards 11 kobold mummies 2 red naga hatchlings 12 gray oozes 3 barrow wights 25 elf zombies 21 ghouls 4 straw golems 8 paper golems 3 jellyfish a baby crocodile 42 giant ants a little dog 12 floating eyes 3 kittens 21 dwarves 12 homunculi 6 kobold leaders 6 kobold shamans 59 hill orcs 45 rothes 29 rabid rats 3 centipedes 8 giant bats 6 monkeys 17 orc zombies 23 dwarf zombies 3 wererats 7 werejackals 19 iguanas 29 killer bees 5 acid blobs 4 coyotes 5 gas spores 13 hobbits 7 manes 5 large kobolds 38 hobgoblins 40 giant rats 16 cave spiders 2 brown molds 6 yellow molds 2 green molds 2 red molds 74 gnomes 13 garter snakes 15 gnome zombies 19 geckos 25 jackals 4 foxes 5 kobolds 13 goblins 7 sewer rats 11 grid bugs 5 bats 11 lichens 18 kobold zombies 16 newts 3207 creatures vanquished. Genocided or extinct species: floating eyes liches demiliches master liches arch-liches rust monsters disenchanters Nazgul (extinct) soldiers (extinct) jellyfish piranha sharks giant eels electric eels krakens 13 species genocided. 2 species extinct. Voluntary challenges: You read items or engraved 177 times. You engraved Elbereth 25 times. You genocided 13 types of monsters. You never changed form. You used 6 wishes (1 for an artifact). You violated the special Sokoban rules once. Achievements: You entered the Gnomish Mines. You entered a shop. You attained the rank of Empiric. You attained the rank of Embalmer. You entered Minetown. You entered a temple. You entered Sokoban. You attained the rank of Dresser. You completed Sokoban. You completed the Gnomish Mines. You learned the tune to open and close the Castle's drawbridge. You defeated Medusa. You attained the rank of Medicus ossium. You had the Bell of Opening. You entered Gehennom. You had the Candelabrum of Invocation. You handled the Book of the Dead. You gained access to Moloch's Sanctum. You attained the rank of Herbalist. You reached the Elemental Planes. You reached the Astral Plane. You delivered the Amulet of Yendor. You ascended! The Elemental Planes: Astral Plane: <- You are here. Some temples. Plane of Water: Plane of Fire: Plane of Air: Plane of Earth: The Dungeons of Doom: levels 1 to 28 Level 1: A grave. One way stairs up to The Elemental Planes. Level 2: "healing spellbooks left here" Stairs down to The Gnomish Mines. Level 3: A general store. Level 4: Level 5: Level 6: A fountain, a sink. Level 7: "vault looted" Level 8: Many fountains. Oracle of Delphi. Level 9: "vault looted" Stairs up to Sokoban, level 8. Level 10: Level 11: A delicatessen, a fountain. Level 12: Many altars. Level 13: Level 14: Portal to The Quest. Level 15: Many altars, a fountain. Level 16: A fountain, a sink, a grave. Level 17: Some fountains, some graves. Level 18: A primitive area. Level 19: Portal to Fort Ludios. Level 20: An armor shop. Level 21: Many fountains. Level 22: "vault looted" A temple, a fountain. Level 23: "barracks on level" A fountain. Level 24: "vault looted" A temple to Hermes, some fountains, a sink. Level 25: A potion shop, a fountain. Level 26: "vault looted" Some fountains, a sink. Level 27: "Medusa Level" Level 28: "MEDUSA ABOVE, Lich on Floor" A fountain. The castle (play notes "ADFFC" to open or close drawbridge). Connection to Gehennom. Gehennom: levels 29 to 49 Level 29: A temple, many graves. Valley of the Dead. Level 30: Level 31: Level 32: Level 33: Level 34: Level 35: A fountain. Level 36: Level 37: Level 38: Level 39: "Orcus Below" Level 40: Some shops, an altar, a grave. Stairs up to Vlad's Tower, level 39. Level 41: "undiggable floor" Level 42: Level 43: Level 44: Level 45: Level 46: Level 47: Level 48: Level 49: A temple, many graves. Moloch's Sanctum. The Gnomish Mines: levels 3 to 10 Level 3: Level 4: "leprechaun with lots of money" Level 5: Many shops, a temple, some fountains, a sink. Level 6: Level 7: Level 8: Level 9: Level 10: Some fountains. The Quest: levels 1 to 6 Level 1: An altar to Hermes. Completed quest for Hippocrates. Level 2: Level 3: A temple. Level 4: Level 5: Level 6: Sokoban: levels 8 up to 5 Level 5: Solved. Level 6: "Centaur & Air Elemental above" Solved. Level 7: Solved. Level 8: Solved. Fort Ludios: Level 1: Vlad's Tower: levels 39 up to 37 Level 37: Level 38: "ARCHON ON LEVEL" Level 39: Goodbye ichbinmiah the Demigod... You went to your reward with 3273502 points, Magicbane (worth 3500 zorkmids and 8750 points) The Bell of Opening (worth 5000 zorkmids and 12500 points) The Candelabrum of Invocation (worth 5000 zorkmids and 12500 points) 6 amulets of life saving (worth 900 zorkmids), and 0 pieces of gold, after 97525 moves. You were level 18 with a maximum of 164 hit points when you ascended.